cohdb
Replays
Latest Replays
All Replays
Popular Replays
Top Player Replays
Match Explorer
How It Works
Community
CoH3 Stats
Reddit
Sign in to upload your games and track your stats! →
Sign in with Steam
Match 46860532
Unlisted
Match 46860532
Overview
Messages
Build Orders
End
Pioneer Squad
Construct Infanterie Kompanie
Grenadier Squad
Grenadier Squad
Grenadier Squad
Infanterie Officer Quarters
Selects Mechanized Battlegroup
MG 42 Machine Gun Team
Construct Panzergrenadier Kompanie
Selects Raid Package
Pak 40 Anti-tank Gun Team
Selects StuG Assault Group
StuG Assault Group
Pak 40 Anti-tank Gun Team
Construct Panzer Kompanie
Selects UNKNOWN (2160084)
Medical Station
Panther Heavy Tank
Stoßtruppen Squad
Panzer Officer Quarters
Selects Spotting Scopes
Selects Wespe Self-propelled Artillery
Selects Zeroing Artillery Barrage
Pioneer Squad
Zeroing Artillery Barrage
Panther Heavy Tank
Sturmpanzer IV Brummbär
1st SubStar
Hanzawilhelm Longbowman of Crécy
UMirinBrah?
Ghost
0
0
Comments
sign in to comment!
No comments posted yet!